 Dungeon Crawl Stone Soup version 0.31.0-11-ge490571c62 (webtiles) character file.

Game seed: 8867390099494561581

2587 qw the Nimble (level 9, -10/45 HPs)
             Began as a Spriggan Hunter on Feb 5, 2024.
             Killed by divine providence
             ... invoked by an orc priest
              (11 damage)
             ... on level 6 of the Dungeon.
             The game lasted 00:01:48 (3970 turns).

qw the Nimble (Spriggan Hunter)                     Turns: 3970, Time: 00:01:48

Health: -10/45     AC:  7    Str:  7    XL:     9   Next: 32%
Magic:  10/10      EV: 27    Int: 10    God:
Gold:   240        SH:  5    Dex: 23    Spells: 8/8 levels left

rFire   . . .        a - +1 shortbow (drain)
rCold   . . .        (shield currently unavailable)
rNeg    . . .        c - +0 robe
rPois   +            k - +2 hat
rElec   .            f - +0 cloak
rCorr   .            (gloves unavailable)
SInv    +            (boots unavailable)
Will    +....        t - amulet of reflection
Stlth   ++           d - ring of poison resistance
HPRegen 0.27/turn    (no ring)
MPRegen 0.12/turn

%: reflection
@: about to teleport, very quick
A: very small, no large weapons, unfitting armour, see invisible, speed 3,
iridescent scales 1, deformed body, screaming 1, shaggy fur 1
a: no special abilities


You were on level 6 of the Dungeon.
You visited 1 branch of the dungeon, and saw 9 of its levels.

You collected 349 gold pieces.
You spent 109 gold pieces at shops.


Innate Abilities, Weirdness & Mutations

You are very small and have problems with some larger weapons.
You are too small for most types of armour.
You have supernaturally acute eyesight. (SInv)
You cover ground extremely quickly. (Speed+++)
You are partially covered in iridescent scales. (AC +2)
Armour fits poorly on your strangely shaped body.
You occasionally shout uncontrollably at your foes.
You are covered in fur. (AC +1)


   Skills:
 - Level 4.0 Fighting
 - Level 10.0 Ranged Weapons
 + Level 10.3 Dodging
 - Level 1.5 Stealth


You had 8 spell levels left.
You didn't know any spells.
Your spell library was empty.

Inventory:

Hand Weapons
 a - a +1 shortbow of draining (weapon)
Armour
 c - a +0 robe (worn)
 f - a +0 cloak (worn)
 k - a +2 hat (worn)
Jewellery
 b - a ring of ice
 d - a ring of poison resistance (left hand)
 t - an amulet of reflection (around neck)
Wands
 o - a wand of roots (12)
 p - a wand of charming (16)
Potions
 e - a potion of resistance
 h - a potion of invisibility {unknown}
 i - a potion of curing
 l - a potion of lignification {unknown}
 m - a potion of might {unknown}
 n - 2 potions of mutation

Dungeon Overview and Level Annotations

Branches:
Dungeon (9/15)
 Temple: D:4-7         Lair: D:8-11         Orc: D:9-12

Altars:
Elyvilon
Gozag
Hepliaklqana
Nemelex Xobeh
Okawaru
Sif Muna
Uskayaw
Yredelemnul

Shops:
D:3 *

Annotations:
D:4 3 runed translucent doors, qw's ghost, novice SpHu


Message History

The kobold brigand completely misses you.
The orc priest looks braver for a moment.
The ufetubus completely misses you. The ufetubus closely misses you.
You shoot an arrow.
The arrow closely misses the kobold brigand.
You block the ufetubus's attack. The ufetubus misses you.
The gnoll hits you with a +3 whip! The orc misses you.
The gnoll hits you from afar with a +0 spear.
The gnoll completely misses you. The kobold hits you but does no damage.
The kobold brigand closely misses you. The orc priest closely misses you.
The ufetubus closely misses you. The ufetubus misses you.
The ufetubus completely misses you. x2
3968 ||| READING scroll of teleportation.
As you read the scroll of teleportation, it crumbles to dust.
You feel strangely unstable.
The ufetubus hits you but does no damage.
The ufetubus misses you. The ufetubus completely misses you.
You block the ufetubus's attack. The orc misses you. The gnoll misses you.
The gnoll hits you but does no damage.
The orc priest miscasts a cantrip.
The kobold barely misses you. The kobold brigand closely misses you.
You shoot an arrow.
The arrow barely misses the kobold brigand.
The ufetubus barely misses you. The ufetubus completely misses you.
The ufetubus closely misses you. The ufetubus completely misses you.
The gnoll hits you from afar with a +2 heavy spear.
The orc misses you. The gnoll completely misses you. x2
The orc priest completely misses you. You block the kobold's attack.
The kobold brigand barely misses you. The ufetubus completely misses you. x2
You shoot an arrow. The arrow hits the kobold brigand.
You drain the kobold brigand.
The kobold brigand is severely wounded.
You block the ufetubus's attack. The ufetubus completely misses you.
The ufetubus misses you. The ufetubus completely misses you.
The ufetubus misses you. The ufetubus barely misses you. The orc misses you.
The gnoll completely misses you. The gnoll closely misses you.
The kobold brigand barely misses you.
The orc priest invokes the aid of Beogh against you.
Beogh smites you!
You die...

...##........#
.............
......#.....
...........
.l........
.KK.....?
#Ko......
#@5K.....
#..og5K......
##.gg##...##.
#.._. ...#
#..$. ..#
##### ..# .#
..


You could see a kobold brigand (very drained), an iguana, an orc priest, 3
gnolls, 2 ufetubi, an orc and 4 kobolds.

Vanquished Creatures
  A wyvern (D:8)
  A steam dragon (D:8)
  6 yaks (D:9)
  An orc warrior (D:9)
  A sky beast (D:8)
  A black bear (D:8)
  An ogre (D:4)
  A centaur (D:8)
  2 bullfrogs
  4 scorpions
  A howler monkey (D:6)
  An orc priest (D:9)
  2 bombardier beetles (D:5)
  A jelly (D:4)
  A gnoll bouda (D:6)
  2 hounds
  A sleepcap (D:4)
  2 iguanas
  4 orc wizards
  5 gnolls
  7 adders
  A ribbon worm (D:3)
  3 dart slugs
  12 orcs
  7 ball pythons
  2 bats (D:3)
  2 endoplasms
  5 giant cockroaches
  8 goblins
  8 hobgoblins
  8 jackals
  10 kobolds
  4 quokkas
  3 rats
119 creatures vanquished.

Notes
Turn   | Place    | Note
-------+----------+-------------------------------------------
     0 | D:1      | qw the Spriggan Hunter began the quest for the Orb.
     0 | D:1      | Reached XP level 1. HP: 10/10 MP: 2/2
     0 | D:1      | 0 ||| qw: Version: 0.3-a-160-g6735b56
     0 | D:1      | 0 ||| qw: Game counter: 6560
     0 | D:1      | 0 ||| qw: Melee chars always use a shield: true
     0 | D:1      | 0 ||| qw: God list: Okawaru
     0 | D:1      | 0 ||| qw: Allow faded altars: false
     0 | D:1      | 0 ||| qw: Do Orc after clearing Dungeon:15 true
     0 | D:1      | 0 ||| qw: Do second Lair branch before Depths: true
     0 | D:1      | 0 ||| qw: Lair rune preference: random
     0 | D:1      | 0 ||| qw: Goals: Normal
     0 | D:1      | 0 ||| PLANNING D:1-11
    36 | D:1      | Reached skill level 3 in Dodging
   125 | D:1      | Reached XP level 2. HP: 14/14 MP: 3/3
   264 | D:1      | Reached XP level 3. HP: 10/18 MP: 4/4
   511 | D:1      | 511 ||| UPGRADING to +1 hat.
   516 | D:1      | 516 ||| UPGRADING to ring of poison resistance.
   517 | D:1      | 517 ||| DROPPING ring of flight.
   518 | D:1      | 518 ||| READING scroll labelled TOUCKU DEPORR.
   518 | D:1      | 518 ||| BRANDING +0 shortbow.
   519 | D:1      | 519 ||| READING scroll labelled WON LELEWNELAF.
   620 | D:1      | 620 ||| READING scroll labelled AQEMOO ONTARA.
   625 | D:1      | 625 ||| DROPPING scroll of butterflies.
   990 | D:2      | 990 ||| FLEEEEING.
  1256 | D:2      | 1256 ||| READING scroll labelled MIGGIT DAXUB.
  1280 | D:3      | Found Buanath's Assorted Antiques.
  1286 | D:3      | 1286 ||| BUYING scroll labelled BOGIURHABO (28 gold).
  1286 | D:3      | Bought a scroll labelled BOGIURHABO for 28 gold pieces
  1286 | D:3      | 1286 ||| BUYING scroll labelled OKHLYGH YCKIERCH (28 gold).
  1286 | D:3      | Bought a scroll labelled OKHLYGH YCKIERCH for 28 gold
                  | pieces
  1286 | D:3      | 1286 ||| BUYING scroll labelled YSYJEMYMED (28 gold).
  1286 | D:3      | Bought a scroll labelled YSYJEMYMED for 28 gold pieces
  1286 | D:3      | 1286 ||| BUYING viscous dark potion (25 gold).
  1286 | D:3      | Bought a viscous dark potion for 25 gold pieces
  1296 | D:3      | Reached XP level 4. HP: 22/22 MP: 5/5
  1323 | D:3      | Found a hazy altar of Hepliaklqana.
  1405 | D:3      | HP: 5/22 [dart slug (1)]
  1409 | D:3      | 1409 ||| Stepping randomly (stuck).
  2179 | D:3      | 2179 ||| READING scroll labelled BOGIURHABO.
  2180 | D:3      | 2180 ||| READING 2 scrolls labelled OKHLYGH YCKIERCH.
  2181 | D:3      | 2181 ||| READING scroll labelled YSYJEMYMED.
  2182 | D:3      | 2182 ||| READING scroll labelled KUPUXE XOOPH.
  2182 | D:3      | 2182 ||| IDENTIFYING lumpy purple potion
  2183 | D:3      | 2183 ||| DRINKING 2 viscous dark potions.
  2184 | D:3      | 2184 ||| DROPPING scroll of noise.
  2295 | D:4      | Noticed an ogre
  2302 | D:4      | Killed an ogre
  2303 | D:4      | Reached XP level 5. HP: 25/28 MP: 6/6
  2363 | D:4      | Found a runed translucent gate.
  2363 | D:4      | Found a runed translucent gate.
  2364 | D:4      | Found a runed translucent gate.
  2366 | D:4      | Noticed qw's ghost (novice SpHu)
  2468 | D:4      | Reached XP level 6. HP: 27/32 MP: 7/7
  2516 | D:4      | Reached skill level 6 in Ranged Weapons
  2739 | D:4      | 2739 ||| UPGRADING to +0 cloak.
  2744 | D:4      | 2744 ||| READING scroll labelled BOHEDI ANKER.
  2744 | D:4      | 2744 ||| ENCHANTING +1 hat.
  2777 | D:5      | Entered Level 5 of the Dungeon
  2825 | D:5      | Found an opulent altar of Gozag.
  2840 | D:5      | Found a basalt altar of Yredelemnul.
  2858 | D:5      | Reached skill level 6 in Dodging
  2892 | D:5      | Found a hide-covered altar of Uskayaw.
  2966 | D:5      | Reached XP level 7. HP: 35/35 MP: 8/8
  2988 | D:5      | Found a white marble altar of Elyvilon.
  3183 | D:5      | Found a shimmering blue altar of Sif Muna.
  3351 | D:5      | 3351 ||| UPGRADING to amulet of reflection.
  3356 | D:5      | 3356 ||| DROPPING ring of wizardry.
  3357 | D:5      | 3357 ||| READING 2 scrolls of identify.
  3357 | D:5      | 3357 ||| IDENTIFYING viscous cyan potion
  3358 | D:5      | 3358 ||| READING scroll of identify.
  3358 | D:5      | 3358 ||| IDENTIFYING fizzy coppery potion
  3359 | D:5      | 3359 ||| READING scroll labelled GIOXKYA SUIWK.
  3359 | D:5      | 3359 ||| ENCHANTING +0 shortbow of draining.
  3360 | D:5      | 3360 ||| DRINKING 3 metallic silvery potions.
  3360 | D:5      | Gained mutation: You are covered in fur. (AC +1) [potion of
                  | mutation]
  3360 | D:5      | Gained mutation: You have hidden genetic defects. [potion
                  | of mutation]
  3360 | D:5      | Gained mutation: You are partially covered in iridescent
                  | scales. (AC +2) [potion of mutation]
  3361 | D:5      | 3361 ||| DROPPING potion of attraction.
  3362 | D:5      | 3362 ||| DROPPING potion of degeneration.
  3428 | D:6      | You fall into a shaft and drop 3 floors!
  3429 | D:9      | Gained mutation: Armour fits poorly on your strangely
                  | shaped body. [hidden defects]
  3456 | D:9      | Found a sparkling altar of Nemelex Xobeh.
  3594 | D:9      | Gained mutation: You occasionally shout uncontrollably at
                  | your foes. [hidden defects]
  3594 | D:9      | Lost mutation: You have hidden genetic defects. [hidden
                  | defects expressed]
  3628 | D:9      | Noticed a yak
  3628 | D:9      | Noticed a yak
  3634 | D:9      | Killed a yak
  3634 | D:9      | Noticed a yak
  3634 | D:9      | Noticed a yak
  3635 | D:9      | Reached XP level 8. HP: 39/39 MP: 9/9
  3635 | D:9      | 3635 ||| RETREEEEATING.
  3637 | D:9      | 3637 ||| RETREEEEATING.
  3645 | D:9      | 3645 ||| RETREEEEATING.
  3646 | D:9      | 3646 ||| RETREEEEATING.
  3647 | D:9      | 3647 ||| RETREEEEATING.
  3648 | D:9      | 3648 ||| RETREEEEATING.
  3649 | D:9      | 3649 ||| RETREEEEATING.
  3650 | D:9      | 3650 ||| RETREEEEATING.
  3651 | D:9      | 3651 ||| RETREEEEATING.
  3666 | D:9      | Reached skill level 3 in Fighting
  3686 | D:9      | Reached skill level 9 in Ranged Weapons
  3687 | D:9      | Reached skill level 9 in Dodging
  3842 | D:8      | Reached XP level 9. HP: 45/45 MP: 10/10
  3885 | D:8      | 3885 ||| READING scroll labelled BILA UTOROST.
  3944 | D:6      | Found an iron altar of Okawaru.
  3945 | D:6      | 3945 ||| PLANNING OKAWARU WORSHIP
  3967 | D:6      | HP: 8/45 [gnoll/+3 whip[a gnoll bouda] (8)]
  3967 | D:6      | HP: 3/45 [gnoll/+0 spear[a gnoll bouda] (5)]
  3968 | D:6      | 3968 ||| READING scroll of teleportation.
  3969 | D:6      | HP: 1/45 [gnoll/+2 heavy spear[a gnoll bouda] (3)]
  3970 | D:6      | Killed from afar by an orc priest

Levels and vault maps discovered:
D:1:      dpeg_arrival_three_smaller_balls, layout_rooms
D:2:      layout_basic, minmay_strange_pillars, serial_bayou_ford_a
D:3:      layout_loops_ring, lemuel_crystal_altar, serial_shops, shop,
          chequers_serial_rivers_micro_d, kennysheep_big_empty_room
D:4:      layout_basic, gammafunk_ghost_necromancy, guppyfry_early_lair_pool
D:5:      layout_basic, lemuel_crystal_altar, lemuel_doored_altar,
          mainiacjoe_overflow_chevrons, elyvilon_altar_3,
          mainiacjoe_overflow_cross_hatched
D:6:      hangedman_cross_stitches, layout_cave_pools,
          mainiacjoe_overflow_alcove_1, minmay_misc_feat_square,
          uniq_prince_ribbit1
D:7:      dreamdust_elfheim, layout_loops_ring, nicolae_dithmenos_shadow_blocks,
          minmay_temple_entry_grid, serial_shops, nicolae_shop_statue_plus,
          uniq_maggie
D:8:      layout_rooms, grunt_temple_overflow_order_and_chaos_2, serial_shops,
          nicolae_shop_tiny_waterfront
D:9:      layout_basic, mainiacjoe_overflow_24_doors,
          nicolae_ru_the_path_less_chosen, serial_corexii_hall,
          corexii_hall_statues_deadend, corexii_hall_statues_t,
          corexii_hall_statues_x

Skill      XL: |  1  2  3  4  5  6  7  8  9 |
---------------+----------------------------+-----
Dodging        | 3 4 5 6 7 9 10 | 10.3
Ranged Weapons | 5 6 8 9 10 | 10.0
Fighting       | 2 3 4 |  4.0
Stealth        | |  1.5

Action                     |  1- 3 |  4- 6 |  7- 9 || total
---------------------------+-------+-------+-------++-------
   Fire: Shortbow          |   100 |   122 |   213 ||   435
    Use: Scroll            |     4 |     5 |     5 ||    14
         Potion            |       |     1 |     1 ||     2
 Armour: Robe              |     9 |    20 |    51 ||    80
  Dodge: Dodged            |    24 |    60 |   216 ||   300
  Block: Other             |       |       |    33 ||    33
         Reflection        |       |       |     2 ||     2

Table legend:
 A = Non-vault XP
 B = Vault XP
 C = Vault XP percentage of total XP
 D = Non-vault monster count
 E = Vault monster count
 F = Vault count percentage of total count
                 A         B        C        D         E       F
            +---------+---------+-------+---------+---------+-------
      Total |    3655 |      41 |   1.1 |     116 |       3 |   2.5
            +---------+---------+-------+---------+---------+-------
        D:1 |      59 |       0 |   0.0 |      25 |       0 |   0.0
        D:2 |      35 |       0 |   0.0 |      18 |       0 |   0.0
        D:3 |      69 |       0 |   0.0 |      17 |       0 |   0.0
        D:4 |     301 |      41 |  12.0 |      10 |       3 |  23.1
        D:5 |     474 |       0 |   0.0 |      13 |       0 |   0.0
        D:6 |     322 |       0 |   0.0 |       8 |       0 |   0.0
        D:8 |     870 |       0 |   0.0 |       8 |       0 |   0.0
        D:9 |    1525 |       0 |   0.0 |      17 |       0 |   0.0
            +---------+---------+-------+---------+---------+-------
